 Dungeon Crawl Stone Soup version 0.29-a0-344-ge2f44be95a (webtiles) character file.

Game seed: 14567356621850809131

91 Morbidden the Skirmisher (level 4, -2/36 HPs)
             Began as a Demonspawn Fighter on Apr 20, 2022.
             Succumbed to a gnoll's poison
             ... on level 2 of the Dungeon.
             The game lasted 00:01:15 (2335 turns).

Morbidden the Skirmisher (Demonspawn Fighter)       Turns: 2335, Time: 00:01:16

Health: -2/36      AC:  6    Str: 17    XL:     4   Next: 33%
Magic:  4/4        EV:  5    Int: 11    God:
Gold:   90         SH: 12    Dex: 12    Spells: 3/3 levels left

rFire   . . .      SeeInvis .   a - +0 long sword
rCold   . . .      Faith    .   j - +0 tower shield
rNeg    . . .      Spirit   .   b - +0 scale mail
rPois   .          Reflect  .   (no helmet)
rElec   .          Harm     .   (no cloak)
rCorr   .          Rampage  .   (no gloves)
Will    .....                   (no boots)
Stlth   ..........              (no amulet)
HPRegen 0.12/turn               (no ring)
MPRegen 0.09/turn               (no ring)

@: lethally poisoned (-2 -> -21)
A: powered by death 1, spiny 1
a: no special abilities


You were on level 2 of the Dungeon.
You visited 1 branch of the dungeon, and saw 2 of its levels.

You collected 90 gold pieces.

Inventory:

Hand Weapons
 a - a +0 long sword (weapon)
Armour
 b - a +0 scale mail (worn)
 j - a +0 tower shield (worn)
Wands
 c - a wand of polymorph (4)
Scrolls
 e - 4 scrolls of identify {unknown}
 f - a scroll of immolation {unknown}
 h - a scroll of enchant weapon {unknown}
 k - a scroll of amnesia {unknown}
 n - 2 scrolls of silence {unknown}
Potions
 d - a potion of might
 i - a potion of haste {unknown}
 l - a potion of heal wounds {unknown}
 m - a potion of brilliance {unknown}


   Skills:
 + Level 3.6 Fighting
 + Level 2.5 Long Blades
 + Level 3.0 Armour
 + Level 1.3 Dodging
 + Level 0.1 Stealth
 + Level 3.1 Shields


You had 3 spell levels left.
You didn't know any spells.
Your spell library contained the following spells:

 Spells                   Type           Power      Damage    Failure   Level
 Sublimation of Blood     Necr           0%         N/A       100%        2
 Petrify                  Tmut/Erth      0%         N/A       100%        4
 Irradiate                Conj/Tmut      0%         3d13      100%        5


Dungeon Overview and Level Annotations

Branches:
Dungeon (2/15)

Altars:


Innate Abilities, Weirdness & Mutations

You regenerate a little health from kills.
You are partially covered in sharp spines.


Message History

You barely miss the hobgoblin. You block the hobgoblin's attack. x2
You hit the hobgoblin but do no damage. The hobgoblin is struck by your spines.
The hobgoblin barely misses you.
You hit the hobgoblin.
You kill the hobgoblin!
No target in view!
Things that are here:
a +0 halberd; a gnoll corpse No target in view!
A gnoll comes into view. It is wielding a +2 spear of venom.
The gnoll shouts!
A gnoll is nearby!
The gnoll hits you from afar with a +2 spear of venom.
You are poisoned.
A gnoll is nearby!
You feel very sick.
The gnoll hits you with a +2 spear of venom.
You are lethally poisoned!
You slash the gnoll!
The gnoll is heavily wounded.
You feel extremely sick. You block the gnoll's attack.
The gnoll hits you with a +2 spear of venom.
You are more poisoned.
There is a lethal amount of poison in your body!
You are too injured to fight recklessly!
There is a lethal amount of poison in your body!
You are too injured to fight recklessly!
There is a lethal amount of poison in your body!
You are too injured to fight recklessly!
You are too injured to fight recklessly!
You are too injured to fight recklessly!
You slash the gnoll!
You kill the gnoll!
* * * LOW HITPOINT WARNING * * *
You feel extremely sick.
Your Shields skill increases to level 3!
Unknown command.
It was a potion of cancellation.
You feel magically purged.
You die...

.......##.###.##.#
#########.##.#.#.#
# #...###..# #
####.#.### # ##.##
. #.# #.#
#.#####.#
#...@)..#
#########


There were no monsters in sight!

Vanquished Creatures
  4 gnolls
  2 adders (D:2)
  A worm (D:2)
  A bat (D:1)
  3 endoplasms (D:1)
  A giant cockroach (D:1)
  3 goblins (D:2)
  5 hobgoblins
  A quokka (D:2)
  4 ball pythons
  2 frilled lizards (D:2)
  4 kobolds (D:1)
  3 rats
34 creatures vanquished.

Notes
Turn   | Place    | Note
-------+----------+-------------------------------------------
     0 | D:1      | Morbidden the Demonspawn Fighter began the quest for the
                  | Orb.
     0 | D:1      | Reached XP level 1. HP: 18/18 MP: 1/1
   372 | D:1      | Gained mutation: You regenerate a little health from kills.
                  | [demonic ancestry]
   372 | D:1      | Reached XP level 2. HP: 24/24 MP: 2/2
  1159 | D:1      | Reached XP level 3. HP: 12/29 MP: 3/3
  2245 | D:2      | Reached skill level 1 in Dodging
  2245 | D:2      | Gained mutation: You are partially covered in sharp spines.
                  | [demonic ancestry]
  2245 | D:2      | Reached XP level 4. HP: 30/36 MP: 4/4
  2334 | D:2      | HP: 1/36 [poisoned by a gnoll]
  2335 | D:2      | Succumbed to a gnoll's poison

Illustrated notes

Levels and vault maps discovered:
D:1:      dpeg_arrival_water_fire, layout_basic, lemuel_flame_loot_1
D:2:      layout_loops_ring, minmay_tall_x

Skill      XL: |  1  2  3  4 |
---------------+-------------+-----
Long Blades    | 2 |  2.5
Armour         | 3 |  3.0
Dodging        | 1 |  1.3
Shields        | 3 |  3.1
Fighting       | |  3.6
Stealth        | |  0.1

Action                   |  1- 3 |  4- 6 || total
-------------------------+-------+-------++-------
Melee: Long sword        |   100 |     6 ||   106
  Use: Potion            |       |     1 ||     1
Armor: Scale mail        |    40 |     1 ||    41
       Skin              |     3 |       ||     3
Dodge: Dodged            |    22 |     1 ||    23
Block: Buckler           |    12 |       ||    12
       Tower shield      |    48 |     4 ||    52

Table legend: (Time is in decaauts)
 A = Elapsed time spent in this place.
 B = Non-inter-level travel time spent in this place.
 C = Inter-level travel time spent in this place.
 D = Time resting spent in this place.
 E = Time spent auto-exploring this place.
 F = Levels seen in this place.
 G = Mean time per level.
                   A        B        C        D        E       F      G
               +--------+--------+--------+--------+--------+-----+--------+
         Total |   2393 |   2272 |    121 |    388 |   1587 |   2 | 1196.5 |
       Dungeon |   2393 |   2272 |    121 |    388 |   1587 |   2 | 1196.5 |
               +--------+--------+--------+--------+--------+-----+--------+

Top non-repeatable levels by time:
     D:1: 1434 daAuts
     D:2: 958 daAuts
